 Dungeon Crawl Stone Soup version 0.28-a0-906-g0406aca7d3 (webtiles) character file.

Game seed: 9575721511513300675

90 night the Magician (level 4, 0/22 HPs)
             Began as a Spriggan Fire Elementalist on Nov 23, 2021.
             Slain by a gnoll (13 damage)
             ... on level 4 of the Dungeon.
             The game lasted 00:09:00 (3401 turns).

night the Magician (Spriggan Fire Elementalist)     Turns: 3401, Time: 00:09:01

Health: 0/22       AC:  2    Str:  4    XL:     4   Next: 32%
Magic:  3/10       EV: 17    Int: 17    God:
Gold:   128        SH:  0    Dex: 15    Spells: 7/10 levels left

rFire   . . .      SeeInvis +   p - +0 trident
rCold   . . .      Faith    .   (shield currently unavailable)
rNeg    . . .      Spirit   .   a - +0 robe
rPois   .          Reflect  .   (helmet restricted)
rElec   .          Harm     .   c - scarf {shadows}
rCorr   .          Rampage  .   (gloves unavailable)
Will    .....                   (boots unavailable)
Stlth   ++........              (no amulet)
HPRegen 0.07/turn               (no ring)
MPRegen 0.12/turn               (no ring)

@: very slightly contaminated, very quick
A: very small, no large weapons, unfitting armour, see invisible, speed 3
a: no special abilities


You were on level 4 of the Dungeon.
You visited 1 branch of the dungeon, and saw 4 of its levels.

You collected 128 gold pieces.

Inventory:

Hand Weapons
 d - a +0 spear
 h - a +0 dagger of speed
 p - a +0 trident (weapon)
Missiles
 f - 24 arrows
 g - 2 boomerangs
 i - 2 atropa-tipped darts
 j - 46 stones
 n - 2 boomerangs of dispersal
Armour
 a - a +0 robe (worn)
 c - a scarf of shadows (worn)
Jewellery
 e - a ring of magical power
Scrolls
 b - a scroll of fog
 l - a scroll of magic mapping
 m - a scroll of blinking
 o - a scroll of identify
Potions
 k - 2 potions of curing


   Skills:
 + Level 1.3 Fighting
 - Level 2.6 Dodging
 - Level 3.0 Stealth
 + Level 3.7 Spellcasting
 + Level 1.5 Conjurations
 + Level 3.0 Fire Magic


You had 7 spell levels left.
You knew the following spells:

 Your Spells              Type           Power      Damage    Failure   Level
a - Foxfire               Conj/Fire      44%        2x1d6     6%          1
b - Scorch                Fire           26%        2d6       7%          2

Your spell library contained the following spells:

 Spells                   Type           Power      Damage    Failure   Level
 Conjure Flame            Conj/Fire      11%        6-21      19%         3
 Inner Flame              Hex/Fire       8%         N/A       26%         3
 Flame Wave               Conj/Fire      11%        3d4       54%         4
 Cause Fear               Hex            1%         N/A       85%         4
 Dragon Form              Tmut           1%         N/A       100%        7
 Dragon's Call            Summ           1%         N/A       100%        9


Dungeon Overview and Level Annotations

Branches:
Dungeon (4/15)
 Temple: D:4-7

Altars:
Beogh


Innate Abilities, Weirdness & Mutations

You are very small and have problems with some larger weapons.
You are too small for most types of armour.
You have supernaturally acute eyesight. (SInv)
You cover ground extremely quickly. (Speed+++)


Message History

You miscast Scorch.
You are very lightly contaminated with residual magic.
Nothing appears to happen.
A gnoll comes into view. It is wielding a +0 club.
Casting: Scorch (safe; 7% risk of failure)
Confirm with . or Enter, or press ? or * to list all spells.
Flames lash the gnoll.
The gnoll is heavily wounded.
The gnoll's fire resistance burns away.
The gnoll shouts!
The gnoll misses you.
Unknown command.
Casting: Scorch (safe; 7% risk of failure)
Confirm with . or Enter, or press ? or * to list all spells.
Flames lash the gnoll shaman.
The gnoll shaman is moderately wounded.
The gnoll shaman's fire resistance burns away.
The gnoll misses you.
The gnoll shaman calls upon its god to speed up the gnoll.
The gnoll seems to speed up.
Unknown command.
Casting: Scorch (safe; 7% risk of failure)
Confirm with . or Enter, or press ? or * to list all spells.
You conjure some foxfire!
The gnoll barely misses you. The gnoll shaman closely misses you.
Unknown command.
You barely miss the gnoll shaman.
The gnoll shaman is moderately wounded.
The gnoll is no longer more vulnerable to fire.
The foxfire hits the gnoll shaman but does no damage.
The gnoll shaman is moderately wounded.
The foxfire hits the gnoll shaman.
The gnoll shaman is burned terribly!
The gnoll shaman is heavily wounded.
The gnoll completely misses you. x2; The gnoll hits you with a +0 club.
The gnoll shaman hits you with a +0 club.
The gnoll shaman is no longer more vulnerable to fire.
The gnoll barely misses you.
The gnoll hits you from afar with a +0 halberd!
Ouch! That really hurt!
You die...

#.. #.# ############
#.# #..........# #.#
#.########.# #.#
#.########.#
######.####g##.......#
.........).ggg......>#
######.####.#@.#####.#
#.# #g#### #.#
######.# #.# #.#
#......# #.# #.#
#......# #g# #.#
#......# #.# #.#
#......# #.# ######.#
#.# #.# #g#


You could see a gnoll shaman and 3 gnolls.

Vanquished Creatures
  A gnoll (D:4)
  3 adders (D:3)
  A worm (D:2)
  A dart slug (D:4)
  3 orcs
  3 ball pythons
  2 endoplasms
  3 giant cockroaches
  5 goblins
  6 hobgoblins
  3 jackals (D:2)
  A kobold (D:1)
  8 bats
  2 frilled lizards (D:3)
  2 rats
44 creatures vanquished.

Vanquished Creatures (others)
  103 foxfires
  23 plants (D:2)
126 creatures vanquished.

Grand Total: 170 creatures vanquished

Notes
Turn   | Place    | Note
-------+----------+-------------------------------------------
     0 | D:1      | night the Spriggan Fire Elementalist began the quest for
                  | the Orb.
     0 | D:1      | Reached XP level 1. HP: 9/9 MP: 5/5
   330 | D:1      | Reached XP level 2. HP: 14/14 MP: 2/7
   333 | D:1      | Learned a level 2 spell: Scorch
   494 | D:1      | Reached skill level 1 in Conjurations
  1410 | D:2      | Found a faded altar of an unknown god.
  1756 | D:2      | Reached XP level 3. HP: 17/17 MP: 3/8
  2382 | D:3      | Reached skill level 1 in Fighting
  2756 | D:3      | Reached XP level 4. HP: 22/22 MP: 0/10
  3401 | D:4      | Slain by a gnoll

Illustrated notes

Levels and vault maps discovered:
D:1:      onia_arrival_pyramid, layout_loops_cross
D:2:      layout_basic, hellmonk_ecumenical_altar_defaced_shrine,
          minmay_crystal_water, chequers_serial_rivers_micro_b, kennysheep_boxes
D:3:      layout_basic, hangedman_abyss_or_decor_lesser_grid
D:4:      layout_basic, mainiacjoe_overflow_24_doors

Skill      XL: |  1  2  3  4 |
---------------+-------------+-----
Spellcasting   | 3 |  3.7
Conjurations   | 1 |  1.5
Fighting       | 1 |  1.3
Fire Magic     | 3 |  3.0
Dodging        | |  2.6
Stealth        | |  3.0

Action                   |  1- 3 |  4- 6 || total
-------------------------+-------+-------++-------
Melee: Spear             |     9 |       ||     9
       Trident           |       |     1 ||     1
 Cast: Foxfire           |    53 |    10 ||    63
       Scorch            |    22 |    11 ||    33
  Use: Scroll            |     6 |       ||     6
 Stab: Sleeping          |     2 |       ||     2
Armor: Robe              |     3 |       ||     3
Dodge: Dodged            |    13 |    12 ||    25

Table legend: (Time is in decaauts)
 A = Elapsed time spent in this place.
 B = Non-inter-level travel time spent in this place.
 C = Inter-level travel time spent in this place.
 D = Time resting spent in this place.
 E = Time spent auto-exploring this place.
 F = Levels seen in this place.
 G = Mean time per level.
                   A        B        C        D        E       F      G
               +--------+--------+--------+--------+--------+-----+--------+
         Total |   2592 |   2540 |     52 |    240 |   1931 |   4 |  648.0 |
       Dungeon |   2592 |   2540 |     52 |    240 |   1931 |   4 |  648.0 |
               +--------+--------+--------+--------+--------+-----+--------+

Top non-repeatable levels by time:
     D:3: 993 daAuts
     D:2: 837 daAuts
     D:1: 637 daAuts
     D:4: 125 daAuts
